 Dungeon Crawl Stone Soup version 0.30.0-29-ga12c61a403 (webtiles) character file.

Game seed: 12682133940440160783

56 IndexError the Skirmisher (level 3, 0/31 HPs)
             Began as a Gnoll Hunter on June 7, 2023.
             Succumbed to an adder's poison
             ... on level 3 of the Dungeon.
             The game lasted 00:01:54 (1545 turns).

IndexError the Skirmisher (Gnoll Hunter)            Turns: 1545, Time: 00:01:54

Health: 0/31       AC:  3    Str: 10    XL:     3   Next: 97%
Magic:  4/4        EV: 13    Int:  8    God:
Gold:   137        SH:  0    Dex: 17    Spells: 4/4 levels left

rFire   . . .        a - +0 shortbow
rCold   . . .        (shield currently unavailable)
rNeg    . . .        c - +0 leather armour
rPois   .            (no helmet)
rElec   .            (no cloak)
rCorr   .            (no gloves)
SInv    .            (no boots)
Will    .....        (no amulet)
Stlth   ++           (no ring)
HPRegen 0.25/turn    (no ring)
MPRegen 0.09/turn

%: no passive effects
@: lethally poisoned (0 -> -2)
A: fangs 1, strong nose, distributed training
a: no special abilities


You were on level 3 of the Dungeon.
You visited 1 branch of the dungeon, and saw 3 of its levels.

You collected 137 gold pieces.

Inventory:

Hand Weapons
 a - a +0 shortbow (weapon)
 n - a +2 dagger of venom
   (You took it off a kobold on level 3 of the Dungeon)
Missiles
 i - 4 javelins
Armour
 c - a +0 leather armour (worn)
Scrolls
 b - 2 scrolls of immolation {!r}
 f - a scroll of fog {unknown}
 h - 2 scrolls of teleportation {unknown}
 k - a scroll of vulnerability {unknown}
 o - a scroll of magic mapping {unknown}
 q - a scroll of identify {unknown}
Potions
 d - a potion of magic {unknown}
 e - 3 potions of degeneration {unknown}
 g - a potion of resistance {unknown}
 j - a potion of invisibility {unknown}
 l - a potion of might {unknown}
 m - a potion of haste {unknown}
 p - 2 potions of heal wounds {unknown}


   Skills:
 + Level 4.6 Fighting
 + Level 1.0 Short Blades
 + Level 1.0 Long Blades
 + Level 1.0 Axes
 + Level 1.0 Maces & Flails
 + Level 1.0 Polearms
 + Level 1.0 Staves
 + Level 8.5 Ranged Weapons
 + Level 1.0 Throwing
 + Level 1.0 Armour
 + Level 4.6 Dodging
 + Level 2.5 Stealth
 + Level 1.0 Shields
 + Level 1.0 Unarmed Combat
 + Level 1.0 Spellcasting
 + Level 0.7 Conjurations
 + Level 0.7 Hexes
 + Level 0.7 Summonings
 + Level 0.7 Necromancy
 + Level 0.7 Translocations
 + Level 0.7 Transmutations
 + Level 0.7 Fire Magic
 + Level 0.7 Ice Magic
 + Level 0.7 Air Magic
 + Level 0.7 Earth Magic
 + Level 0.7 Poison Magic
 + Level 1.1 Invocations
 + Level 1.0 Evocations


You had 4 spell levels left.
You didn't know any spells.
Your spell library was empty.

Dungeon Overview and Level Annotations

Branches:
Dungeon (3/15)

Altars:
Cheibriados
Makhleb

Annotations:
D:3 Grinder


Innate Abilities, Weirdness & Mutations

You have very sharp teeth.
Your uncanny sense of smell can sniff out nearby items.
Your experience applies equally to all skills.


Message History

You see here a +0 short sword.
You open the door.
An adder comes into view.
An adder is nearby!
An adder is nearby!
You shoot an arrow. The arrow hits the adder.
The adder hisses angrily.
Grinder comes into view.
You shoot an arrow.
Grinder shouts!
The arrow hits the adder.
Grinder blinks!
You shoot an arrow. The arrow barely misses Grinder.
Grinder gestures at you. Pain shoots through your body!
You take 14 damage, and have 17/31 hp.
MASSIVE DAMAGE!!
You are too injured to fight recklessly!
The adder attacks as you move away! The adder barely misses you.
The adder bites you.
You are poisoned.
The adder poisons you!
You take 1 damage, and have 18/31 hp.
The adder attacks as you move away! The adder bites you but does no damage.
You feel sick.
You take 2 damage, and have 16/31 hp.
You are too injured to fight recklessly!
You are too injured to fight recklessly!
You are too injured to fight recklessly!
You don't know any spells.
Fire: a) +0 shortbow
Press: ? - help, Q - select action, (/) - cycle Shift-Dir - straight line, f/p - Grinder
Aim: Grinder (63% to hit)
You shoot an arrow. The arrow misses the adder.
The arrow hits Grinder but does no damage.
You feel sick. The adder bites you.
You take 4 damage, and have 12/31 hp.
Fire: a) +0 shortbow
Press: ? - help, Q - select action, (/) - cycle Shift-Dir - straight line, f/p - Grinder
Aim: Grinder (63% to hit)
You shoot an arrow.
The arrow hits the adder but does no damage.
You feel sick. The adder barely misses you. The adder bites you.
You take 1 damage, and have 11/31 hp.
Fire: a) +0 shortbow
Press: ? - help, Q - select action, (/) - cycle Shift-Dir - straight line, f/p - Grinder
Aim: Grinder (63% to hit)
You shoot an arrow. The arrow closely misses the adder.
The arrow barely misses Grinder.
You feel sick. The adder bites you but does no damage.
Grinder blinks!
You take 1 damage, and have 10/31 hp.
Fire: a) +0 shortbow
Press: ? - help, Q - select action, (/) - cycle Shift-Dir - straight line, f - adder
Aim: an adder (moderately wounded, 51% to hit)
You shoot an arrow. The arrow closely misses the adder.
You feel sick.
You are no longer poisoned.
The adder bites you.
* * * LOW HITPOINT WARNING * * *
The adder closely misses you.
Fire: a) +0 shortbow
Press: ? - help, Q - select action, (/) - cycle Shift-Dir - straight line, f/p - adder
Aim: an adder (moderately wounded, 51% to hit)
You shoot an arrow. The arrow hits the adder!
The adder bites you.
* * * LOW HITPOINT WARNING * * *
You are lethally poisoned!
The adder poisons you!
You take 5 damage, and have 5/31 hp.
Fire: a) +0 shortbow
Press: ? - help, Q - select action, (/) - cycle Shift-Dir - straight line, f/p - adder
Aim: an adder (almost dead, 51% to hit)
You shoot an arrow. The arrow barely misses the adder.
* * * LOW HITPOINT WARNING * * *
You feel sick. The adder bites you but does no damage.
You take 1 damage, and have 4/31 hp.
Fire: a) +0 shortbow
Press: ? - help, Q - select action, (/) - cycle Shift-Dir - straight line, f/p - adder
Aim: an adder (almost dead, 51% to hit)
You shoot an arrow. The arrow barely misses the adder.
* * * LOW HITPOINT WARNING * * *
You feel sick. The adder barely misses you. x2
You take 2 damage, and have 2/31 hp.
Fire: a) +0 shortbow
Press: ? - help, Q - select action, (/) - cycle Shift-Dir - straight line, f/p - adder
Aim: an adder (almost dead, 51% to hit)
You shoot an arrow. The arrow hits the adder.
* * * LOW HITPOINT WARNING * * *
You feel sick.
You take 1 damage, and have 1/31 hp.
Fire: a) +0 shortbow
Press: ? - help, Q - select action, (/) - cycle Shift-Dir - straight line, f - Grinder
Aim: Grinder (63% to hit)
You shoot an arrow.
The arrow hits Grinder but does no damage.
* * * LOW HITPOINT WARNING * * *
You feel sick. Grinder closely misses you.
Fire: a) +0 shortbow
Press: ? - help, Q - select action, (/) - cycle Shift-Dir - straight line, f/p - Grinder
Aim: Grinder (63% to hit)
You shoot an arrow. The arrow barely misses Grinder.
You die...

#).)............#
#.....##.....#.###############
#..........^.+<...............
###'##..#....##.##############
#.##........................
#.##....#####.##############
#.##....# #.# #[......#####.#
#####.....5@..# #....######
#....# #....# #....# #....#
#....# #....# #....#


You could see Grinder.

Vanquished Creatures
  An adder (D:3)
  A dart slug (D:1)
  3 endoplasms
  3 giant cockroaches
  7 goblins
  4 hobgoblins
  2 quokkas (D:2)
  6 ball pythons
  4 bats
  A frilled lizard (D:2)
  6 kobolds
  5 rats
43 creatures vanquished.

Notes
Turn   | Place    | Note
-------+----------+-------------------------------------------
     0 | D:1      | IndexError the Gnoll Hunter began the quest for the Orb.
     0 | D:1      | Reached XP level 1. HP: 20/20 MP: 1/1
    74 | D:1      | You fall into a shaft and drop 1 floor!
   133 | D:1      | Reached XP level 2. HP: 24/26 MP: 2/2
   215 | D:1      | Found a faded altar of an unknown god.
   720 | D:2      | Reached XP level 3. HP: 31/31 MP: 3/3
   723 | D:2      | Found a snail-covered altar of Cheibriados.
   839 | D:2      | Reached skill level 1 in Invocations
  1345 | D:3      | Found a burning altar of Makhleb.
  1364 | D:3      | Reached skill level 1 in Short Blades
  1364 | D:3      | Reached skill level 1 in Long Blades
  1364 | D:3      | Reached skill level 1 in Axes
  1364 | D:3      | Reached skill level 1 in Maces & Flails
  1364 | D:3      | Reached skill level 1 in Polearms
  1364 | D:3      | Reached skill level 1 in Staves
  1364 | D:3      | Reached skill level 1 in Throwing
  1364 | D:3      | Reached skill level 1 in Armour
  1364 | D:3      | Reached skill level 1 in Shields
  1364 | D:3      | Reached skill level 1 in Unarmed Combat
  1364 | D:3      | Reached skill level 1 in Spellcasting
  1364 | D:3      | Reached skill level 1 in Evocations
  1526 | D:3      | Noticed Grinder
  1539 | D:3      | HP: 6/31 [adder (3)]
  1542 | D:3      | HP: 2/31 [poisoned by an adder]
  1545 | D:3      | Succumbed to an adder's poison

Illustrated notes

Levels and vault maps discovered:
D:1:      dpeg_arrival_solitude, layout_basic,
          hellmonk_ecumenical_altar_pennies_from_heaven
D:2:      layout_basic, basic_altar, minmay_pentomino_p4
D:3:      mumra_celtic_spiral_tile, layout_basic,
          mainiacjoe_overflow_concentric_impassable, uniq_natasha, uniq_grinder

Skill      XL: |  1  2  3 |
---------------+----------+-----
Invocations    | 1 |  1.1
Short Blades   | 1 |  1.0
Long Blades    | 1 |  1.0
Axes           | 1 |  1.0
Maces & Flails | 1 |  1.0
Polearms       | 1 |  1.0
Staves         | 1 |  1.0
Throwing       | 1 |  1.0
Armour         | 1 |  1.0
Shields        | 1 |  1.0
Unarmed Combat | 1 |  1.0
Spellcasting   | 1 |  1.0
Evocations     | 1 |  1.0
Fighting       | |  4.6
Ranged Weapons | |  8.5
Dodging        | |  4.6
Stealth        | |  2.5
Conjurations   | |  0.7
Hexes          | |  0.7
Summonings     | |  0.7
Necromancy     | |  0.7
Translocations | |  0.7
Transmutations | |  0.7
Fire Magic     | |  0.7
Ice Magic      | |  0.7
Air Magic      | |  0.7
Earth Magic    | |  0.7
Poison Magic   | |  0.7

Action                     || total
---------------------------++-------
   Fire: Shortbow          ||   107
 Armour: Leather armour    ||    14
  Dodge: Dodged            ||    27

Levels and vault maps discovered:
D:1:      dpeg_arrival_solitude, layout_basic,
          hellmonk_ecumenical_altar_pennies_from_heaven
D:2:      layout_basic, basic_altar, minmay_pentomino_p4
D:3:      mumra_celtic_spiral_tile, layout_basic,
          mainiacjoe_overflow_concentric_impassable, uniq_natasha, uniq_grinder

Table legend: (Time is in decaauts)
 A = Elapsed time spent in this place.
 B = Non-inter-level travel time spent in this place.
 C = Inter-level travel time spent in this place.
 D = Time resting spent in this place.
 E = Time spent auto-exploring this place.
 F = Levels seen in this place.
 G = Mean time per level.
                   A        B        C        D        E       F      G
               +--------+--------+--------+--------+--------+-----+--------+
         Total |   1563 |   1374 |    189 |      0 |   1162 |   3 |  521.0 |
       Dungeon |   1563 |   1374 |    189 |      0 |   1162 |   3 |  521.0 |
               +--------+--------+--------+--------+--------+-----+--------+

Top non-repeatable levels by time:
     D:2: 670 daAuts
     D:1: 594 daAuts
     D:3: 298 daAuts

Table legend:
 A = Kills in this place as a percentage of kills in the entire game.
 B = Kills by you in this place as a percentage of kills by you in the entire game.
 C = Kills by friends in this place as a percentage of kills by friends in the entire game.
 D = Other kills in this place as a percentage of other kills in the entire game.
 E = Experience gained in this place as a percentage of experience gained in the entire game.
 F = Experience gained in this place divided by the number of levels of this place that you have seen.
                   A       B       C       D       E      F
               +-------+-------+-------+-------+-------+----------------------
         Total | 100.0 | 100.0 |   N/A |   N/A | 100.0 |  27.0
       Dungeon | 100.0 | 100.0 |   N/A |   N/A | 100.0 |  27.0
               +-------+-------+-------+-------+-------+----------------------
